Map: Whitewater Line LE

Players

Towel

  • Race: Terran Terran
  • League: Diamond
  • Spawn Location: 7:00

Umi

  • Race: Terran Terran
  • Spawn Location: 7:00

lucidmarine

  • Race: Zerg Zerg
  • Spawn Location: 6:00

Throwfordays - Winner!

  • Race: Protoss Protoss
  • League: Silver
  • Spawn Location: 1:00

Cthulhu - Winner!

  • Race: Terran Terran
  • Spawn Location: 1:00

Faust - Winner!

  • Race: Zerg Zerg
  • League: Diamond
  • Spawn Location: 12:00

VOD

Have the link to the VOD?

Description

Time

  • Played on: March 18, 2019, 9:52 p.m.
  • Length: 16:20
Show
View Real Time Build Order
Export as new Build Order

Towel Terran 

Build Orders:  

Get SALT Encoding   

  12  0:00  SCV  
  13  0:13  SCV  
  14  0:19  Supply Depot  
  14  0:25  SCV  
  15  0:40  SCV  
  16  0:43  Barracks  
  16  0:50  Refinery  
  16  0:53  SCV  
  17  0:57  Refinery  
  17  1:05  SCV  
  18  1:17  SCV  
  19  1:27  Supply Depot  
  19  1:29  Orbital Command  
  19  1:33  Reaper  
  20  1:40  Barracks  
  20  1:55  SCV  
  21  2:05  Reaper  
  22  2:16  SCV  
  23  2:28  SCV  
  24  2:36  Reaper  
  25  2:37  Reaper  
  25  2:41  Command Center  
  25  2:42  Engineering Bay  
  25  3:08  Reaper  
  25  3:09  Reaper  
  26  3:40  Reaper  
  28  3:41  Reaper  
  26  3:51  Terran Infantry Weapons Level 1  
  26  3:53  Command Center  
  26  3:54  Orbital Command  
  25  4:02  Bunker  
  24  4:07  SCV  
  24  4:09  Supply Depot, Factory  
  25  4:12  Reaper  
  25  4:13  Reaper  
  27  4:19  SCV  
  27  4:52  Barracks Tech Lab x2  
  27  4:58  Factory Reactor  
  27  4:59  Factory  
  27  5:00  Engineering Bay  
  27  5:12  Marauder x2  
  31  5:33  Marauder  
  31  5:34  Marauder  
  35  5:39  Barracks  
  33  5:55  Marauder  
  32  6:01  Marauder  
  32  6:02  Hellion x2  
  36  6:04  Factory Reactor  
  36  6:08  SCV x2  
  38  6:16  Marauder  
  40  6:19  Planetary Fortress  
  40  6:20  SCV  
  41  6:26  Marine, Marauder  
  44  6:37  Marine  
  45  6:44  Marine  
  46  6:51  SCV  
  47  6:56  SCV  
  47  6:59  SCV, Command Center  
  49  7:03  SCV  
  49  7:04  Marine x2  
  49  7:08  SCV  
  53  7:11  SCV  
  53  7:13  Hellion x2  
  53  7:15  SCV  
  59  7:20  SCV  
  60  7:23  SCV  
  60  7:24  Marauder x2  
  60  7:27  SCV  
  66  7:30  Terran Infantry Armor Level 1  
  66  7:31  Starport  
  66  7:32  SCV  
  66  7:33  Factory Reactor  
  66  7:35  SCV  
  68  7:37  Refinery  
  68  7:39  SCV  
  68  7:40  Refinery  
  69  7:44  Concussive Shells  
  69  8:07  Stimpack  
  69  8:10  SCV x3, Supply Depot  
  69  8:11  Supply Depot  
  72  8:14  Supply Depot  
  72  8:21  Marine, Medivac  
  72  8:22  SCV x2, Armory, Marauder x2  
  72  8:24  Hellion  
  83  8:31  SCV  
  83  8:32  Hellion  
  86  8:35  Supply Depot  
  86  8:36  Barracks  
  86  8:39  Marine  
  86  8:41  Medivac  
  89  8:43  Marauder  
  89  8:45  Marine  
  92  8:48  Combat Shield  
  92  8:50  Medivac  
  94  8:59  Barracks Reactor  
  94  9:07  Marine  
  94  9:08  Marauder  
  97  9:26  Marauder  
  97  9:28  Planetary Fortress  
  97  9:29  Marine  
  100  9:46  Marine x3  
  100  9:47  Marauder x2  
  100  9:48  Hellbat x3  
  100  9:52  Supply Depot  
  113  10:04  Marine  
  113  10:06  Engineering Bay  
  114  10:08  Marauder  
  114  10:12  Marauder  
  113  10:15  Supply Depot  
  104  10:30  Marauder  
  104  10:31  Marine x2  
  104  10:33  Marauder  
  102  10:46  Medivac  
  102  10:49  Marine x2, Medivac  
  108  10:51  Marauder  
  108  10:54  Marauder  
  112  11:06  Marine  
  112  11:07  Marine  
  103  11:13  Marauder  
  103  11:16  Marauder  
  98  11:22  Missile Turret  
  98  11:24  Marine, Missile Turret  
  86  11:29  Widow Mine  
  86  11:30  Widow Mine x3  
  86  11:31  Liberator  
  86  11:34  Marauder  
  86  11:37  Marauder  
  69  11:48  Liberator  
  69  11:51  Widow Mine x2  
  69  11:52  Widow Mine  
  75  11:55  Marauder  
  75  11:59  Marauder  
  59  12:14  Liberator  
  59  12:15  SCV x2  
  59  12:16  Marine  
  46  12:42  Marine x3, Marauder  
  46  12:43  Marauder  
  48  13:00  Marine x2  
  48  13:04  Marauder x2  
  54  13:05  Orbital Command  
  54  13:20  Marine x2  
  54  13:23  Widow Mine x2, Medivac, Missile Turret  
  54  13:24  Missile Turret  
  54  13:25  Marauder x2  
  54  13:26  Missile Turret  
  66  13:37  Marine  
  66  13:38  Marine  
  68  13:47  Marauder x2  
  72  13:53  Orbital Command  
  69  13:57  Orbital Command  
  69  14:08  Marauder  
  45  14:32  Liberator  
  45  14:33  Liberator  
  45  14:34  SCV x2  
  45  14:38  Refinery, SCV  
  53  14:40  Refinery  
  54  14:46  SCV  
  47  15:37  Widow Mine x2  
  47  15:38  Medivac  
  47  15:39  Medivac  
  45  15:51  SCV  
  45  15:54  Barracks Reactor  
  45  15:56  Factory Tech Lab  
  46  15:59  Widow Mine x2  
  46  16:03  SCV  
Show
View Real Time Build Order
Export as new Build Order

Umi Terran 

Build Orders:  

Get SALT Encoding   

  12  0:05  SCV  
  13  0:14  Supply Depot  
  13  0:19  SCV  
  14  0:25  Refinery  
  14  0:31  SCV  
  15  0:46  Barracks  
  15  0:50  SCV  
  16  1:02  SCV  
  17  1:24  Engineering Bay  
  17  1:33  Supply Depot  
  17  1:35  Barracks Tech Lab  
  17  1:40  Refinery  
  17  1:44  Orbital Command  
  17  1:55  Barracks  
  17  1:57  Marine  
  18  2:15  SCV  
  19  2:24  Terran Infantry Weapons Level 1  
  19  2:31  Marine  
  20  2:38  Combat Shield  
  20  2:46  Marine  
  20  2:49  Marauder  
  23  3:00  Supply Depot  
  23  3:04  Marine  
  24  3:11  Marauder  
  26  3:22  Marine  
  27  3:48  Marine, Barracks Reactor  
  28  4:04  Factory  
  28  4:05  Marine  
  29  4:20  Terran Infantry Armor Level 1  
  29  4:23  Marine  
  30  4:34  Marine x2  
  32  4:39  Stimpack  
  32  4:41  Marine  
  33  4:52  Marine x2  
  35  4:56  Sensor Tower  
  35  4:59  Marine  
  36  5:10  Marine x2  
  38  5:17  Marine  
  39  5:21  Factory Tech Lab  
  39  6:05  Starport  
  39  6:09  Missile Turret  
  39  6:19  Concussive Shells  
  39  6:23  Supply Depot  
  39  6:30  Missile Turret  
  39  6:44  Marine x2  
  39  6:45  SCV, Marauder  
  44  6:47  Supply Depot  
  44  6:57  SCV  
  45  7:01  Starport Tech Lab  
  45  7:02  Marine x2  
  45  7:08  Marine  
  47  7:09  SCV  
  49  7:20  Marine x2  
  49  7:21  SCV  
  52  7:26  Marauder  
  54  7:38  Marine  
  55  8:08  Supply Depot  
  55  8:29  Marine x2, Medivac, Siege Tank, Command Center  
  55  8:31  Supply Depot  
  62  8:46  Armory  
  62  8:47  Marine  
  63  8:52  Marine  
  63  8:53  Supply Depot, Marauder  
  66  9:01  Siege Tank  
  69  9:05  Marine  
  70  9:10  Marine  
  70  9:15  Marauder  
  70  9:17  Supply Depot  
  73  9:22  Marine  
  74  9:28  Marine  
  75  9:36  Marine  
  76  9:39  Supply Depot  
  76  9:42  Planetary Fortress  
  76  9:44  Refinery, Marine  
  77  9:46  Marine  
  78  9:54  Marine  
  79  10:02  Marine  
  79  10:04  Marine  
  81  10:11  Marine  
  82  10:20  Marine  
  83  10:21  Marine  
  83  10:26  Terran Infantry Weapons Level 2  
  83  10:28  Terran Vehicle Weapons Level 1  
  84  10:33  Siege Tank  
  87  10:38  SCV  
  88  10:50  SCV  
  89  11:02  SCV  
  90  11:05  Siege Tank  
  93  11:14  SCV  
  94  11:26  SCV  
  93  12:04  Medivac  
  95  12:33  Missile Turret  
  95  12:35  Marine, Siege Tank  
  95  12:36  Marine x2  
  101  12:49  Rapid Reignition System  
  101  12:50  Medivac  
  103  12:53  Marine, Missile Turret  
  103  12:54  Marine x2  
  106  13:07  Siege Tank  
  106  13:11  Marine  
  110  14:00  Marine  
  110  14:01  Marine  
  110  14:02  SCV  
  109  14:03  Medivac, Marauder  
  78  14:14  SCV  
  68  14:25  Marauder  
  68  14:26  SCV  
  61  14:37  Marine x2  
  61  14:38  SCV  
  64  14:42  Siege Tank  
  67  14:45  Marine  
  67  14:50  SCV  
  69  14:54  Marine  
  69  14:55  Marine  
  71  15:03  Marine  
  72  15:12  Marine x2  
  74  15:14  Siege Tank  
  72  15:21  Marine  
  73  15:30  Marine x2  
  75  15:39  Marine  
Show
View Real Time Build Order
Export as new Build Order

lucidmarine Zerg 

Build Orders: Hatch First 

Get SALT Encoding   

  12  0:01  Drone  
  13  0:12  Overlord  
  13  0:21  Drone  
  14  0:31  Drone  
  14  0:32  Drone  
  16  0:42  Drone  
  17  0:55  Hatchery  
  16  1:03  Drone  
  17  1:07  Extractor  
  17  1:08  Drone  
  17  1:17  Spawning Pool  
  16  1:20  Drone  
  16  1:24  Drone  
  18  1:31  Drone  
  19  1:46  Drone  
  20  2:04  Queen  
  24  2:09  Overlord  
  24  2:10  Drone x2  
  24  2:12  Drone  
  27  2:19  Drone  
  27  2:33  Metabolic Boost  
  27  2:35  Zergling x4  
  27  2:36  Zergling x2  
  24  2:42  Zergling x2  
  23  2:50  Spine Crawler  
  22  2:58  Spine Crawler x2  
  18  3:06  Zergling x10  
  17  3:27  Drone x2  
  17  3:28  Drone  
  20  3:44  Queen  
  22  4:00  Zergling x6  
  24  4:16  Zergling x6  
  22  4:33  Zergling x2  
  22  4:42  Drone  
  23  4:47  Zergling x4  
  25  4:56  Drone  
  22  5:11  Zergling x4  
  19  5:24  Drone  
  19  5:25  Drone x2  
  22  5:46  Hatchery  
  19  6:02  Drone x3  
  19  6:03  Drone  
  21  6:15  Spine Crawler  
  21  6:18  Drone x2  
  22  6:25  Lair, Extractor  
  22  6:30  Overlord  
  21  6:40  Zergling x6  
  24  6:47  Roach Warren  
  23  7:11  Hatchery  
  22  7:22  Drone x3  
  25  7:25  Drone  
  26  7:37  Drone x2  
  26  7:40  Drone  
  29  7:46  Drone  
  30  7:52  Glial Reconstitution  
  30  8:05  Drone  
  30  8:06  Drone x2  
  33  8:21  Spore Crawler  
  32  8:27  Roach x2  
  32  8:28  Roach  
  32  8:33  Drone x3  
  41  8:36  Drone  
  42  8:42  Overlord  
  42  8:46  Overlord  
  42  8:58  Overlord x2  
  42  9:06  Evolution Chamber  
  42  9:07  Evolution Chamber  
  42  9:08  Drone  
  42  9:09  Drone  
  42  9:10  Drone  
  42  9:12  Drone  
  42  9:15  Drone  
  45  9:17  Drone  
  45  9:23  Drone x2  
  48  9:24  Extractor  
  48  9:27  Extractor, Drone  
  48  9:28  Drone  
  48  9:32  Drone  
  48  9:37  Roach  
  51  9:38  Roach  
  53  9:51  Roach  
  53  9:52  Roach x4  
  63  9:59  Hydralisk Den  
  61  10:00  Zerg Missile Weapons Level 1  
  61  10:10  Zerg Ground Armor Level 1  
  61  10:13  Roach x2  
  61  10:14  Roach  
  67  10:23  Drone x2  
  67  10:24  Drone x3  
  72  10:39  Spore Crawler  
  72  10:42  Spore Crawler, Drone x3  
  73  10:43  Drone  
  74  10:55  Hatchery  
  73  10:59  Overlord  
  73  11:08  Spore Crawler  
  73  11:10  Drone x2  
  74  11:25  Spore Crawler  
  73  11:34  Overlord  
  73  11:39  Muscular Augments  
  72  11:54  Overlord x3  
  71  12:06  Overlord x2  
  71  12:10  Zerg Missile Weapons Level 2  
  71  12:11  Zerg Ground Armor Level 2  
  71  12:13  Hydralisk x6  
  83  12:19  Drone x2  
  85  12:23  Hydralisk  
  87  12:30  Hydralisk  
  87  12:31  Hydralisk  
  87  12:32  Hydralisk  
  90  12:51  Hydralisk x3  
  90  12:52  Hydralisk x2  
  90  12:58  Grooved Spines  
  98  13:06  Hydralisk x2  
  102  13:20  Overlord x3  
  102  13:28  Overlord x3  
  102  13:40  Hydralisk  
  102  13:41  Hydralisk x2  
  108  14:08  Hydralisk x6  
  65  14:25  Hydralisk  
  65  14:26  Hydralisk x3  
  65  14:27  Hydralisk  
  69  14:36  Hydralisk x2  
  73  14:40  Hydralisk  
  75  14:52  Hydralisk x2  
  79  14:53  Hydralisk  
  81  15:03  Hydralisk x2  
  79  15:16  Hydralisk x3  
  75  15:41  Hydralisk x5  
  75  15:51  Hydralisk x2  
Show
View Real Time Build Order
Export as new Build Order

Throwfordays Protoss - Winner!

Build Orders:  

Get SALT Encoding   

  12  0:00  Probe  
  13  0:13  Probe  
  14  0:17  Pylon  
  14  0:25  Probe  
  15  0:37  Probe  
  16  0:43  Gateway  
  16  0:51  Gateway  
  16  0:56  Assimilator  
  16  1:07  Forge  
  16  1:12  Probe  
  17  1:24  Probe  
  18  1:32  Zealot  
  20  1:36  Probe  
  21  1:41  Pylon  
  21  1:47  Zealot  
  23  1:59  Protoss Ground Weapons Level 1, Zealot  
  25  2:12  Cybernetics Core  
  25  2:14  Zealot  
  27  2:16  Assimilator  
  27  2:19  Probe  
  28  2:42  Probe  
  28  2:51  Adept  
  28  2:52  Adept  
  28  2:56  Photon Cannon  
  31  2:59  Photon Cannon  
  31  3:11  Pylon  
  31  3:24  Warp Gate  
  31  3:29  Probe  
  31  3:32  Adept x2  
  37  3:41  Probe  
  37  3:58  Protoss Ground Armor Level 1  
  37  4:03  Adept  
  39  4:15  Pylon x2  
  39  4:22  Twilight Council  
  39  4:31  Probe  
  38  4:32  Adept  
  40  4:43  Probe  
  39  4:55  Pylon  
  37  5:15  Adept x2  
  37  5:18  Gateway  
  37  5:19  Gateway  
  35  5:40  Adept  
  35  5:41  Adept  
  35  5:51  Pylon  
  35  5:53  Protoss Ground Weapons Level 2  
  29  5:58  Probe  
  28  6:11  Probe  
  29  6:15  Resonating Glaives  
  29  6:36  Adept x3  
  27  7:00  Photon Cannon  
  27  7:03  Photon Cannon  
  27  7:27  Nexus  
  27  7:44  Probe  
  28  7:53  Probe  
  29  8:02  Probe  
  29  8:03  Charge  
  30  8:14  Probe  
  30  8:15  Forge  
  31  8:24  Assimilator  
  31  8:26  Probe  
  32  8:29  Assimilator  
  32  8:39  Pylon, Probe  
  32  8:47  Probe  
  34  8:55  Probe  
  34  8:56  Pylon  
  35  9:08  Probe  
  35  9:09  Photon Cannon  
  36  9:11  Photon Cannon  
  36  9:20  Probe  
  37  9:27  Protoss Ground Weapons Level 3  
  37  9:32  Probe  
  37  9:33  Protoss Ground Armor Level 2  
  37  9:35  Nexus  
  37  9:37  Pylon  
  38  9:40  Pylon  
  38  9:44  Probe  
  39  9:57  Probe  
  40  10:01  Photon Cannon  
  40  10:04  Photon Cannon  
  40  10:11  Probe  
  41  10:23  Probe  
  42  10:36  Probe  
  42  10:37  Nexus  
  42  10:40  Pylon  
  43  10:43  Assimilator  
  43  10:44  Probe  
  43  10:46  Assimilator  
  43  10:48  Probe  
  45  10:52  Probe  
  46  11:00  Probe  
  46  11:02  Probe  
  48  11:12  Stalker x2, Probe  
  48  11:14  Probe  
  54  11:24  Probe  
  55  11:26  Probe  
  56  11:36  Probe  
  57  12:03  Nexus  
  57  12:05  Stargate  
  57  12:06  Stargate  
  57  12:09  Stargate  
  57  12:26  Assimilator  
  57  12:30  Assimilator  
  57  12:34  Probe  
  58  12:41  Protoss Air Weapons Level 1  
  58  12:46  Probe  
  58  12:47  Pylon  
  58  12:50  Pylon  
  59  12:58  Probe  
  60  13:11  Nexus  
  60  13:13  Probe  
  60  13:16  Protoss Ground Armor Level 3  
  61  13:20  Probe  
  61  13:21  Protoss Shields Level 1  
  61  13:23  Probe  
  61  13:25  Probe  
  61  13:26  Void Ray x2  
  61  13:27  Void Ray  
  72  13:32  Stargate  
  72  13:33  Stargate, Probe  
  77  13:35  Probe  
  77  13:37  Fleet Beacon  
  77  13:38  Probe  
  79  13:45  Cybernetics Core, Probe  
  79  13:47  Probe  
  81  13:50  Probe  
  81  13:57  Pylon, Probe  
  81  13:59  Probe  
  81  14:00  Pylon  
  81  14:02  Probe  
  84  14:09  Probe  
  85  14:11  Probe  
  86  14:43  Void Ray x3  
  86  14:44  Void Ray x2  
  106  14:58  Probe  
  107  15:00  Assimilator  
  107  15:04  Assimilator  
  107  15:10  Probe  
  108  15:22  Pylon, Probe  
  108  15:24  Pylon  
  108  15:25  Pylon  
  108  15:26  Void Ray x5  
  108  15:27  Robotics Facility  
  129  15:28  Robotics Facility  
  129  15:34  Probe  
  130  15:46  Probe  
Show
View Real Time Build Order
Export as new Build Order

Cthulhu Terran - Winner!

Build Orders:  

Get SALT Encoding   

  12  0:01  SCV  
  13  0:13  SCV  
  14  0:19  Supply Depot  
  14  0:28  SCV  
  15  0:31  Refinery  
  15  0:43  Barracks  
  15  0:46  SCV  
  16  1:02  Barracks  
  17  1:04  SCV  
  17  1:13  Refinery  
  17  1:17  SCV  
  19  1:32  Reaper  
  19  1:34  SCV  
  20  1:49  Reaper  
  20  1:51  Orbital Command  
  21  2:05  Reaper  
  22  2:16  Factory  
  22  2:17  SCV  
  23  2:23  Supply Depot  
  23  2:55  Reaper x2, SCV  
  25  3:07  Hellion  
  26  3:37  Marine x2  
  27  4:01  SCV  
  27  4:02  Reaper x2  
  30  4:05  Factory Reactor, Starport  
  30  4:13  SCV  
  26  4:39  Reaper x2  
  26  4:41  Starport  
  28  4:51  Supply Depot  
  28  4:53  Factory Tech Lab  
  28  5:02  Viking  
  29  5:08  Supply Depot  
  29  5:13  Liberator  
  31  5:24  SCV  
  31  5:25  Reaper x2  
  31  5:26  Hellion  
  36  5:39  SCV  
  31  6:24  Viking  
  31  6:25  Viking  
  35  6:29  Supply Depot  
  35  6:45  Viking  
  37  6:54  Viking  
  37  6:55  Viking, Siege Tank  
  44  7:18  Viking  
  46  7:24  Viking  
  46  7:29  Viking  
  50  7:38  Command Center  
  50  7:41  Refinery  
  50  7:42  Refinery  
  50  7:43  SCV  
  50  7:44  Marine x2  
  52  8:29  Starport Tech Lab  
  52  8:30  Viking  
  54  8:35  Supply Depot  
  55  8:41  SCV  
  55  8:42  Viking, Siege Tank  
  60  8:53  SCV  
  61  9:01  Supply Depot  
  61  9:05  SCV  
  62  9:11  Orbital Command  
  62  9:18  Viking x3  
  68  9:45  SCV x2  
  68  9:46  Marine x2  
  68  9:47  Siege Tank  
  75  10:24  SCV x2  
  77  10:42  Barracks Tech Lab  
  77  10:54  Supply Depot  
  77  10:55  Supply Depot  
  77  10:56  Barracks Reactor, Supply Depot  
  77  11:13  Siege Tank  
  77  11:14  Raven  
  82  11:45  Siege Tank  
  85  12:11  Marine x3  
  85  12:14  Combat Shield  
  88  12:16  Raven  
  87  13:02  Raven  
  87  13:04  Viking x2  
  93  13:08  Fusion Core  
  93  13:39  Marine x2  
  95  13:43  Marine  
  96  13:51  Command Center  
  96  13:54  Stimpack  
  94  14:03  Command Center  
  62  14:34  Viking  
  62  14:35  Viking  
  62  14:37  Battlecruiser  
  72  14:39  Weapon Refit  
  72  14:44  SCV  
  72  14:45  SCV  
  74  14:52  Marine x3  
  77  15:00  Armory x2  
  77  15:06  Viking x2  
  81  15:16  Orbital Command  
  81  15:24  Orbital Command  
Show
View Real Time Build Order
Export as new Build Order

Faust Zerg - Winner!

Build Orders: Pool First, Muta Ling Bane 

Get SALT Encoding   

  12  0:01  Drone  
  13  0:12  Drone  
  14  0:15  Extractor, Drone  
  15  0:23  Overlord  
  15  0:28  Extractor  
  14  0:41  Spawning Pool  
  13  0:44  Drone  
  13  0:49  Drone  
  15  0:53  Drone  
  16  1:28  Zergling x6  
  16  1:29  Queen  
  16  1:31  Metabolic Boost  
  21  1:40  Overlord  
  21  2:05  Hatchery  
  21  2:08  Zergling x4  
  22  2:18  Drone  
  23  2:30  Zergling x2  
  24  2:38  Zergling x4  
  24  2:39  Zergling x4  
  28  2:53  Zergling x2  
  28  2:57  Zergling x2  
  25  3:20  Drone  
  25  3:21  Drone x4  
  30  3:31  Drone  
  30  3:32  Drone  
  30  3:34  Queen  
  32  3:38  Overlord  
  30  4:00  Drone x2  
  30  4:01  Drone x3  
  34  4:04  Lair  
  34  4:06  Drone  
  34  4:21  Hatchery  
  34  4:24  Drone, Baneling Nest  
  33  4:25  Drone x2  
  33  4:26  Drone  
  35  4:33  Drone  
  35  4:38  Drone x3  
  37  4:44  Drone  
  37  4:45  Extractor  
  39  4:47  Drone x3, Overlord  
  42  5:02  Extractor  
  42  5:03  Extractor, Drone x3  
  42  5:04  Drone  
  42  5:06  Drone  
  42  5:07  Drone  
  46  5:08  Overlord  
  46  5:17  Centrifical Hooks  
  46  5:24  Zergling x6  
  46  5:25  Zergling x4  
  46  5:28  Zergling x2  
  52  5:33  Queen, Overlord  
  52  5:35  Drone x3  
  57  5:40  Drone  
  58  5:49  Hydralisk Den  
  57  5:52  Drone  
  57  5:53  Drone, Spire  
  57  5:55  Drone  
  57  5:56  Drone x2  
  61  6:24  Drone x3  
  61  6:25  Drone x3, Overlord x3  
  67  6:29  Drone x2  
  69  6:37  Drone x4  
  69  6:39  Overlord  
  73  6:52  Infestation Pit  
  72  6:56  Zergling x10  
  77  7:05  Drone  
  77  7:06  Extractor, Drone x3  
  77  7:07  Drone x2, Overlord  
  77  7:08  Extractor  
  81  7:12  Baneling x7  
  81  7:13  Baneling x3  
  81  7:14  Burrow  
  81  7:19  Zergling x4  
  81  7:20  Zergling x2  
  84  7:44  Overlord x3  
  84  7:45  Zergling x2  
  84  7:46  Zergling x18  
  94  8:08  Baneling x9  
  94  8:09  Zergling x6  
  94  8:10  Zergling x20  
  107  8:16  Hive  
  107  8:18  Drone x2, Evolution Chamber x2  
  107  8:37  Spore Crawler  
  107  8:39  Spore Crawler  
  107  8:41  Spore Crawler  
  104  8:45  Spore Crawler  
  104  8:46  Zerg Melee Weapons Level 1, Zerg Ground Armor Level 1  
  103  8:56  Zergling x2  
  103  8:57  Zergling x32  
  120  9:26  Mutalisk  
  120  9:28  Overlord x3  
  120  9:29  Overlord x4  
  117  9:56  Spire  
  117  9:57  Ultralisk Cavern  
  117  9:59  Zerg Flyer Weapons Level 1  
  114  10:01  Hatchery  
  114  10:02  Drone  
  114  10:05  Adrenal Glands  
  99  10:23  Mutalisk  
  99  10:24  Mutalisk x15  
  99  10:25  Mutalisk x3  
  133  10:30  Zergling x6  
  133  10:39  Mutalisk  
  133  10:40  Mutalisk  
  137  10:45  Zerg Melee Weapons Level 2  
  128  11:33  Zergling x6  
  128  11:34  Zergling x28  
  145  11:41  Zerg Ground Armor Level 2  
  145  11:49  Drone x6  
  145  11:51  Drone x2  
  145  11:52  Drone x2  
  124  12:42  Ultralisk x7  
  124  12:43  Ultralisk  
  172  12:49  Chitinous Plating  
  172  12:53  Drone x4  
  172  12:54  Drone x5  
  172  12:56  Extractor, Queen  
  172  12:57  Extractor  
  181  13:13  Drone x3  
  181  13:14  Overlord x2  
  181  13:15  Overlord x2  
  181  13:18  Zerg Melee Weapons Level 3  
  171  14:00  Baneling  
  171  14:01  Baneling x18  
  137  14:08  Anabolic Synthesis  
  90  14:10  Zergling x26  
  90  14:11  Zergling x8  
  73  14:31  Drone x4  
  73  14:33  Drone x3  
  77  14:50  Ultralisk x6  
  113  14:57  Hatchery  
  112  15:00  Extractor  
  86  15:36  Zergling x2  
  86  15:37  Zergling x32  
  94  15:50  Zergling x6  
  94  15:53  Drone  
  94  15:54  Drone x2  
Tags
 
Add a new tag
Caveats
  • Supply blocks, unpowered buildings, or Contaminate may cause inaccurate times.
  • Supply counts are checked every 10 seconds.